details: 'Standoff and a GGL worshiper'

« prev index next »

General information

Mini Map

Players

team 1
HumanSavior. (green | 23 APM | 1202 actions | 53:23)
Hero icon 4 Mountain King
Ability icon 2 Storm Bolt
Ability icon 2 Bash
Hero icon 1 Death Knight
Ability icon 1 Death Coil

» actions
Assign group hotkey19
Build / train79
Enter build submenu24
Enter hero's abilities submenu5
Give item / drop item1
Remove unit from queue4
Right click571
Select / deselect304
Select group hotkey137
Use ability58
1202 total
» units
Peasant34
Rifleman11
Footman1
Gryphon Rider2
Knight9
Acolyte2
59 total
» upgrades
Lumber Harvesting1
Plating1
2 total
» buildings
Altar of Kings1
Farm11
Barracks1
Blacksmith1
Lumber Mill1
Keep1
Scout Tower2
Guard Tower2
Castle1
Gryphon Aviary2
Arcane Vault1
Ziggurat1
25 total
» build order
00:17 Altar of Kings
00:23 Farm
01:07 Barracks
01:39 Blacksmith
01:43 Farm
02:23 Farm
03:06 Lumber Mill
03:32 Keep
04:06 Farm
04:46 Scout Tower
05:10 Farm
05:16 Guard Tower
05:18 Scout Tower
05:46 Guard Tower
07:38 Castle
08:24 Gryphon Aviary
13:05 Arcane Vault
14:12 Farm
21:06 Farm
21:45 Farm
22:39 Farm
23:24 Farm
24:03 Gryphon Aviary
24:48 Farm
34:41 Ziggurat
» items
Scroll of Regeneration1
Scroll of Town Portal2
Healing Salve1
4 total
OrcOP-BLADMASTA (orange | 58 APM | 3074 actions | 53:21)
Hero icon 11 Shadow Hunter
Ability icon 3 Hex
Ability icon 3 Healing Wave
Ability icon 2 Big Bad Voodoo
Ability icon 3 Serpent Ward

» actions
Assign group hotkey40
Basic commands40
Build / train88
Enter build submenu31
Enter hero's abilities submenu11
Give item / drop item6
Remove unit from queue1
Right click1236
Select / deselect287
Select group hotkey1177
Use ability157
3074 total
» units
Peon17
Grunt4
Wind Rider8
Shaman3
Troll Witch Doctor2
34 total
» upgrades
Envenomed Spears1
Reinforced Defenses1
Ranged Weapons2
Armor1
Shaman Training2
Witch Doctor Training2
Spirit Walker Training1
10 total
» buildings
Altar of Storms1
Orc Burrow6
Barracks1
Voodoo Lounge1
Stronghold3
War Mill18
Beastiary4
Watch Tower20
Fortress2
Great Hall1
Spirit Lodge2
59 total
» build order
00:08 Altar of Storms
00:20 Orc Burrow
00:37 Barracks
01:26 Orc Burrow
02:05 Voodoo Lounge
03:06 Stronghold
04:30 Orc Burrow
04:33 War Mill
05:07 Orc Burrow
05:43 Beastiary
05:46 Beastiary
05:53 Watch Tower
05:59 Watch Tower
06:04 Watch Tower
08:26 Orc Burrow
09:13 Fortress
09:31 Great Hall
09:46 Watch Tower
09:46 Watch Tower
10:10 Watch Tower
10:10 Watch Tower
10:11 Watch Tower
11:58 War Mill
13:21 Watch Tower
13:23 Watch Tower
13:54 Orc Burrow
13:59 Watch Tower
15:07 Stronghold
16:44 Spirit Lodge
16:45 Spirit Lodge
19:13 Fortress
21:06 Beastiary
21:06 Beastiary
26:32 Watch Tower
26:32 Watch Tower
26:32 Watch Tower
26:33 Watch Tower
26:34 Watch Tower
26:34 Watch Tower
26:35 Watch Tower
26:35 Watch Tower
29:10 War Mill
29:11 War Mill
33:02 War Mill
33:04 War Mill
33:05 War Mill
33:06 War Mill
33:07 War Mill
33:08 War Mill
33:10 War Mill
33:11 War Mill
33:13 War Mill
33:15 War Mill
33:17 War Mill
33:18 War Mill
33:19 War Mill
» items
Healing Salve5
Scroll of Town Portal6
Orb of Lightning1
Potion of Mana2
Potion of Healing4
Potion of Lesser Invulnerability2
Lesser Clarity Potion1
Staff of Teleportation1
Potion of Invisibility1
Tiny Great Hall1
24 total
Random» Undeadwanfivi (pink | 25 APM | 611 actions | 24:05)
Hero icon 4 Death Knight
Ability icon 2 Death Coil
Ability icon 2 Unholy Aura

» actions
Assign group hotkey29
Build / train56
Enter build submenu16
Enter hero's abilities submenu4
Give item / drop item1
Remove unit from queue2
Right click229
Select / deselect176
Select group hotkey68
Use ability30
611 total
» units
Acolyte5
Ghoul6
Crypt Fiend12
Abomination9
32 total
» upgrades
Creature Attack1
Creature Carapace1
Cannibalize1
Web1
Disease Cloud1
Unholy Strength0
Unholy Armor1
6 total
» buildings
Crypt1
Altar of Darkness1
Ziggurat9
Graveyard1
Tomb of Relics1
Spirit Tower7
Halls of the Dead1
Black Citadel1
Slaughterhouse2
24 total
» build order
00:28 Crypt
00:33 Altar of Darkness
00:49 Ziggurat
01:13 Graveyard
01:26 Ziggurat
01:55 Tomb of Relics
02:21 Ziggurat
04:14 Ziggurat
04:26 Spirit Tower
08:03 Halls of the Dead
08:20 Ziggurat
10:25 Black Citadel
10:40 Slaughterhouse
10:44 Slaughterhouse
12:37 Ziggurat
13:32 Ziggurat
14:35 Spirit Tower
14:57 Spirit Tower
15:04 Spirit Tower
15:33 Spirit Tower
15:47 Spirit Tower
16:13 Spirit Tower
18:28 Ziggurat
18:41 Ziggurat
» items
Rod of Necromancy1
Scroll of Town Portal1
2 total
OrcUnrequited-Love (yellow | 5 APM | 19 actions | 04:04)

» actions
Build / train2
Enter build submenu2
Right click6
Select / deselect7
Use ability2
19 total
» units
Peon2
2 total
» buildings
Altar of Storms1
Orc Burrow1
2 total
» build order
00:07 Altar of Storms
00:10 Orc Burrow
team 2
Humanmctoasty243 (blue | 33 APM | 1373 actions | 41:03)
Hero icon 6 Mountain King
Ability icon 3 Storm Bolt
Ability icon 2 Bash
Ability icon 1 Avatar
Hero icon 2 Beastmaster
Ability icon 1 Summon Bear
Ability icon 1 Summon Hawk

» actions
Assign group hotkey2
Basic commands24
Build / train81
Enter build submenu35
Enter hero's abilities submenu8
Remove unit from queue1
Right click718
Select / deselect399
Select group hotkey20
Use ability85
1373 total
» units
Peasant17
Footman14
Knight4
Gryphon Rider3
Rifleman7
45 total
» upgrades
Defend1
Swords2
Plating2
Lumber Harvesting2
Animal War Training1
Storm Hammers1
Armor1
Long Rifles1
Gunpowder1
12 total
» buildings
Altar of Kings3
Barracks3
Farm11
Arcane Vault2
Scout Tower3
Arcane Tower1
Lumber Mill5
Blacksmith3
Keep2
Gryphon Aviary2
Castle2
Town Hall3
Guard Tower2
42 total
» build order
00:09 Altar of Kings
00:15 Barracks
00:25 Farm
00:56 Farm
01:55 Arcane Vault
02:01 Arcane Vault
02:07 Farm
02:14 Scout Tower
02:44 Arcane Tower
03:11 Barracks
03:16 Lumber Mill
04:16 Farm
04:38 Blacksmith
05:02 Farm
05:35 Keep
08:03 Gryphon Aviary
08:39 Castle
09:31 Gryphon Aviary
10:17 Lumber Mill
10:29 Lumber Mill
10:33 Lumber Mill
11:34 Farm
11:35 Farm
13:23 Farm
13:24 Farm
16:11 Town Hall
18:30 Altar of Kings
18:37 Barracks
18:40 Farm
20:08 Farm
20:48 Scout Tower
20:49 Scout Tower
20:54 Keep
21:28 Guard Tower
22:14 Guard Tower
22:25 Lumber Mill
23:13 Blacksmith
24:39 Castle
24:59 Blacksmith
26:19 Town Hall
30:14 Town Hall
32:52 Altar of Kings
» items
Scroll of Regeneration1
Scroll of Town Portal2
Potion of Healing2
Potion of Lesser Invulnerability1
6 total
HumanHate.Machine (teal | 57 APM | 3056 actions | 53:23)
Hero icon 7 Blood Mage
Ability icon 3 Flame Strike
Ability icon 3 Banish
Ability icon 1 Summon Phoenix

» actions
Assign group hotkey46
Basic commands230
Build / train122
Enter build submenu48
Enter hero's abilities submenu8
Give item / drop item9
Remove unit from queue2
Right click980
Select / deselect617
Select group hotkey878
Use ability116
3056 total
» units
Peasant18
Footman5
Gryphon Rider6
Dragonhawk Rider7
36 total
» upgrades
Masonry3
Lumber Harvesting2
Swords3
Animal War Training1
Storm Hammers1
Armor3
Cloud1
Plating3
Gunpowder3
Long Rifles1
Defend1
Backpack1
Magic Sentry1
Sorceress Training2
Priest Training2
Control Magic1
Fragmentation Shards1
Flying Machine Bombs1
Flak Cannons1
Flare1
Barrage1
34 total
» buildings
Altar of Kings1
Farm13
Barracks1
Scout Tower13
Arcane Tower1
Keep3
Lumber Mill2
Guard Tower10
Blacksmith1
Town Hall3
Castle3
Gryphon Aviary2
Arcane Vault2
Arcane Sanctum1
Workshop2
58 total
» build order
00:04 Altar of Kings
00:06 Farm
00:21 Barracks
01:03 Scout Tower
01:29 Farm
01:32 Arcane Tower
02:16 Farm
02:41 Farm
03:00 Scout Tower
03:09 Farm
04:27 Keep
05:06 Lumber Mill
06:00 Guard Tower
06:31 Blacksmith
07:28 Town Hall
07:31 Scout Tower
07:55 Castle
08:46 Guard Tower
09:21 Gryphon Aviary
09:29 Gryphon Aviary
12:59 Scout Tower
12:59 Scout Tower
13:00 Scout Tower
13:31 Guard Tower
13:49 Guard Tower
13:51 Guard Tower
15:19 Scout Tower
15:20 Scout Tower
15:54 Guard Tower
16:57 Farm
17:06 Farm
17:10 Farm
18:03 Arcane Vault
18:33 Farm
20:08 Scout Tower
20:09 Scout Tower
20:10 Scout Tower
20:37 Farm
20:42 Guard Tower
21:01 Guard Tower
22:34 Farm
22:39 Farm
22:43 Farm
26:09 Town Hall
26:12 Town Hall
27:07 Lumber Mill
28:45 Scout Tower
28:46 Scout Tower
29:19 Guard Tower
29:23 Guard Tower
30:11 Arcane Vault
33:03 Keep
33:05 Keep
35:28 Arcane Sanctum
37:39 Castle
37:39 Castle
40:07 Workshop
40:11 Workshop
» items
Boots of Speed3
Staff of Teleportation1
Potion of Invisibility5
Scroll of Regeneration7
Lesser Clarity Potion2
Potion of Healing3
Scroll of Town Portal1
Scroll of Healing2
Potion of Lesser Invulnerability1
25 total
HumanTheLoveEmperor (purple | 68 APM | 3613 actions | 53:23)
Hero icon 8 Archmage
Ability icon 3 Summon Water Elemental
Ability icon 3 Brilliance Aura
Ability icon 1 Mass Teleport
Ability icon 1 Blizzard

» actions
Assign group hotkey175
Basic commands129
Build / train86
Enter build submenu43
Enter hero's abilities submenu8
Give item / drop item8
Remove unit from queue2
Right click1325
Select / deselect352
Select group hotkey1322
Use ability163
3613 total
» units
Peasant17
Rifleman15
32 total
» upgrades
Gunpowder3
Masonry3
Armor3
Lumber Harvesting2
Long Rifles1
Animal War Training1
Swords1
14 total
» buildings
Altar of Kings1
Barracks2
Farm7
Blacksmith1
Lumber Mill2
Arcane Vault1
Town Hall3
Scout Tower36
Keep1
Guard Tower5
Castle1
60 total
» build order
00:39 Altar of Kings
00:43 Barracks
00:51 Farm
01:05 Farm
01:32 Farm
01:55 Blacksmith
02:05 Farm
02:11 Farm
03:07 Barracks
03:23 Farm
03:44 Lumber Mill
04:10 Arcane Vault
06:27 Town Hall
06:48 Scout Tower
06:50 Scout Tower
06:51 Scout Tower
06:52 Scout Tower
06:54 Scout Tower
06:54 Scout Tower
07:01 Keep
08:09 Guard Tower
08:29 Scout Tower
08:30 Scout Tower
08:31 Scout Tower
08:33 Scout Tower
08:34 Scout Tower
08:37 Scout Tower
08:38 Scout Tower
08:39 Scout Tower
08:41 Scout Tower
08:42 Scout Tower
11:46 Guard Tower
12:06 Farm
13:08 Town Hall
13:29 Scout Tower
13:30 Scout Tower
13:33 Scout Tower
13:34 Scout Tower
13:36 Scout Tower
13:38 Scout Tower
13:39 Scout Tower
13:41 Scout Tower
13:42 Scout Tower
13:54 Lumber Mill
16:23 Guard Tower
19:50 Castle
19:56 Scout Tower
19:57 Scout Tower
19:58 Scout Tower
19:59 Scout Tower
20:00 Scout Tower
20:01 Scout Tower
20:03 Scout Tower
20:09 Scout Tower
20:09 Scout Tower
20:10 Scout Tower
20:11 Scout Tower
21:16 Guard Tower
26:45 Town Hall
27:04 Guard Tower
» items
Scroll of Regeneration9
Staff of Teleportation1
Potion of Healing3
Mechanical Critter4
Periapt of Vitality3
Scroll of Town Portal1
21 total
HumanxXTheYoshiXx (red | 33 APM | 1767 actions | 53:23)
Hero icon 5 Pit Lord
Ability icon 3 Cleaving Attack
Ability icon 2 Howl of Terror
Hero icon 3 Naga Sea Witch
Ability icon 2 Frost Arrows
Ability icon 1 Forked Lightning

» actions
Assign group hotkey26
Basic commands2
Build / train70
Enter build submenu14
Enter hero's abilities submenu8
Give item / drop item2
Remove unit from queue1
Right click1142
Select / deselect335
Select group hotkey55
Use ability112
1767 total
» units
Peasant7
Footman12
Spell Breaker15
Forest Troll Shadow Priest1
Sorceress6
41 total
» upgrades
Defend1
Swords3
Plating3
Control Magic1
Magic Sentry0
Sorceress Training2
10 total
» buildings
Barracks1
Farm10
Arcane Vault1
Altar of Kings1
Keep2
Lumber Mill1
Arcane Sanctum2
Castle1
Blacksmith1
20 total
» build order
00:19 Barracks
01:09 Farm
01:11 Farm
01:15 Arcane Vault
01:20 Altar of Kings
01:25 Farm
03:27 Keep
03:28 Keep
04:09 Farm
04:11 Farm
04:12 Farm
04:13 Farm
05:09 Lumber Mill
06:05 Arcane Sanctum
07:41 Arcane Sanctum
07:50 Farm
07:52 Farm
07:54 Farm
09:03 Castle
09:09 Blacksmith
» items
Periapt of Vitality1
Orb of Fire2
Scroll of Regeneration1
Potion of Healing1
5 total

Chat log

(00:11 / All) TheLoveEmperor: Unrequited love lol
(00:17 / All) Unrequited-Love: hardy har har
(01:12 / Allies) TheLoveEmperor: wood
(01:15 / Allies) TheLoveEmperor: I need it bad
(01:18 / Allies) Hate.Machine: gold plz!
(01:19 / Allies) TheLoveEmperor: I really need it,I really want it

(02:36 / Allies) mctoasty243: knights and gryphs
(02:41 / Allies) xXTheYoshiXx: k

(03:47 / Allies) mctoasty243: coming

(05:10 / Allies) Hate.Machine: my expo

(07:06 / Allies) Hate.Machine: wood
(07:17 / Allies) Hate.Machine: wood me

(09:05 / Allies) Hate.Machine: wood
(09:21 / Allies) Hate.Machine: ty

(12:05 / Allies) Hate.Machine: wood
(12:13 / Allies) xXTheYoshiXx: gold?
(12:19 / Allies) Hate.Machine: ty
(12:21 / Allies) xXTheYoshiXx: ty

(17:19 / Allies) xXTheYoshiXx: :o
(17:41 / Allies) mctoasty243: wow
(18:19 / All) TheLoveEmperor: lawl @ red
(18:30 / All) TheLoveEmperor: Brilliant
(18:42 / Allies) xXTheYoshiXx: some one else was supposed to go too
(18:48 / Allies) xXTheYoshiXx: what evr fight it yourself
(18:50 / Allies) mctoasty243: we
(18:55 / Allies) mctoasty243: purple
(18:56 / Allies) mctoasty243: way
(18:57 / Allies) mctoasty243: why
(18:57 / Allies) xXTheYoshiXx: wow
(18:57 / Allies) mctoasty243: why
(19:03 / Allies) TheLoveEmperor: You are dumb
(19:05 / Allies) xXTheYoshiXx: WHAT THE FUCK
(19:06 / Allies) mctoasty243: please
(19:07 / Allies) mctoasty243: please purple
(19:08 / Allies) mctoasty243: please
(19:09 / Allies) TheLoveEmperor: you can't kill wyverns
(19:12 / Allies) mctoasty243: ill at with you after
(19:14 / Allies) mctoasty243: pleasse
(19:16 / Allies) mctoasty243: save me
(19:26 / Allies) TheLoveEmperor: How presumptious of you
(19:31 / Allies) TheLoveEmperor: You aren't anything special
(19:34 / Allies) mctoasty243: ill at with you but pleaseee
(19:43 / Allies) TheLoveEmperor: Why do you assume I want to AT with you?
(19:47 / Allies) Hate.Machine: I can't take it, I only have 11 gryphons!
(20:15 / Allies) mctoasty243: youre just going to let us lose this...
(20:21 / Allies) mctoasty243: i knew i should have stuck with solo

(22:45 / Allies) mctoasty243: red get out of there
(22:55 / Allies) mctoasty243: purple please help him
(23:07 / Allies) TheLoveEmperor: red?
(23:11 / Allies) TheLoveEmperor: He deserves his fate
(23:21 / Allies) Hate.Machine: yes, he sucks
(23:22 / Allies) xXTheYoshiXx: not like any one was going to help me
(23:25 / Allies) mctoasty243: 1v1?
(23:37 / Allies) mctoasty243: oh shit...
(23:38 / Allies) TheLoveEmperor: You want to 1v1 me?
(23:38 / Allies) mctoasty243: no
(23:40 / Allies) mctoasty243: purple
(23:41 / Allies) mctoasty243: nooo
(23:41 / Allies) TheLoveEmperor: You don't seem to tough
(23:42 / Allies) mctoasty243: not now
(23:47 / Allies) mctoasty243: after
(23:49 / Allies) TheLoveEmperor: Well don't challenge me then
(23:52 / Allies) mctoasty243: friendly game
(23:53 / Allies) TheLoveEmperor: after what?
(23:59 / Allies) mctoasty243: after this lets 1v1
(24:06 / Allies) TheLoveEmperor: What's the point
(24:07 / Allies) mctoasty243: friendly game
(24:09 / Allies) mctoasty243: nothing more
(24:14 / Allies) TheLoveEmperor: I already know I'm out of your league
(24:15 / Allies) mctoasty243: i just want to see how good you are
(24:42 / Allies) xXTheYoshiXx: :o

(25:51 / Allies) mctoasty243: why teal
(25:54 / Allies) mctoasty243: dudue
(25:55 / Allies) mctoasty243: i
(25:56 / Allies) mctoasty243: oh...
(25:57 / Allies) Hate.Machine: I just need the money man
(25:58 / Allies) TheLoveEmperor: You're just in the way
(26:03 / Allies) TheLoveEmperor: He can use that gold
(26:06 / Allies) mctoasty243: what money
(26:13 / Allies) mctoasty243: i woulda pooled you
(26:14 / Allies) Hate.Machine: The money in the mine
(26:16 / Allies) TheLoveEmperor: That gold mine, it's hard cash bro
(26:24 / Allies) TheLoveEmperor: You should have offered him sooner
(26:28 / All) xXTheYoshiXx: great job oj
(26:30 / Allies) TheLoveEmperor: He had to make a business decision
(26:33 / Allies) mctoasty243: didnt know he wanted it!
(26:35 / All) Hate.Machine: We stabbed you before red
(26:38 / All) Hate.Machine: You suck and you're a fag
(26:40 / Allies) mctoasty243: yeah i guess im not cut out for this
(27:37 / Allies) Hate.Machine: I can see you
(27:43 / All) TheLoveEmperor: Why didn't green bolt that raccoon?
(27:49 / All) Hate.Machine: He sucks, that'
(27:50 / All) Hate.Machine: s why
(27:56 / All) Hate.Machine: I raped him 100 times with flame strike
(28:10 / All) Hate.Machine: You killed 2 peasants blue
(28:12 / All) Hate.Machine: That will not stand'
(28:15 / All) TheLoveEmperor: Blue you want to 1v1?
(28:47 / All) OP-BLADMASTA: yoshi im raping ur hero everytime
(28:56 / Allies) mctoasty243: oh damn...
(28:58 / All) Hate.Machine: Level 10, rape
(29:05 / All) Hate.Machine: Do not ever kill 2 peasants blue
(29:23 / Allies) mctoasty243: youve killed two of my bases dick
(29:32 / Allies) Hate.Machine: And now your heroes, prick!
(29:51 / Allies) mctoasty243: save meeeeeeee
(29:52 / Allies) mctoasty243: purpleee
(29:57 / Allies) Hate.Machine: Cute
(29:57 / Allies) TheLoveEmperor: You want to 1v1?
(30:38 / Allies) mctoasty243: love emp what is your aka
(30:46 / Allies) Hate.Machine: KODOS_FORSAKEN of course
(30:52 / Allies) mctoasty243: no...
(30:55 / Allies) mctoasty243: no fucking way
(31:02 / Allies) Hate.Machine: It's true
(31:05 / Allies) mctoasty243: please murder my hero purple
(31:10 / Allies) Hate.Machine: All three of us are former rank #1 RT players
(31:12 / Allies) mctoasty243: as paying homage to your greatness
(31:13 / Allies) Hate.Machine: Me, purp, and oj
(31:28 / Allies) mctoasty243: oh you are all ggl
(31:31 / Allies) mctoasty243: hackers clan
(32:07 / Allies) mctoasty243: what did yall do hack to get into the same rt game?
(32:23 / Allies) Hate.Machine: No, 0-0 accounts that queued at the same time
(32:45 / Allies) mctoasty243: impressive, unlikely
(32:59 / Allies) Hate.Machine: Hm? That's what we do. Only way to get in the same game
(33:07 / Allies) mctoasty243: or you at
(33:09 / Allies) mctoasty243: and hack people
(33:12 / Allies) Hate.Machine: AT isn't vs RT
(33:15 / Allies) Hate.Machine: We also do not hack
(33:20 / Allies) mctoasty243: yea you do
(33:20 / All) Hate.Machine: No hacks, just skill
(33:29 / Allies) mctoasty243: back when you guys fucking were
(33:32 / Allies) mctoasty243: i remember yall
(33:45 / All) OP-BLADMASTA: clippers won fuck yea
(33:49 / Allies) mctoasty243: koAo and all the big clans knew you guys did
(33:51 / All) OP-BLADMASTA: blake griffin is tight for a white player
(33:59 / Allies) Hate.Machine: lolk
(34:14 / All) OP-BLADMASTA: blue i aint gonna let u revive ur hero nigga
(34:21 / Allies) mctoasty243: pease
(34:27 / All) Hate.Machine: pease -blue
(34:34 / All) mctoasty243: peaseeee
(34:40 / All) mctoasty243: yayy
(34:47 / All) Hate.Machine: Check out our replays at high.perch, we upload all of our pro games including this one, blue.
(34:53 / All) Hate.Machine: highper.ch*
(34:54 / All) OP-BLADMASTA: blue if u want ur hero back, u need to tell me who the 22nd and 24th president of the united states was
(34:58 / All) mctoasty243: hahah
(35:10 / All) OP-BLADMASTA: who was the 22nd and 24th blue
(35:12 / All) mctoasty243: i actually
(35:14 / All) mctoasty243: know this
(35:18 / All) Hate.Machine: What, then?
(35:27 / All) mctoasty243: clavin coolidge
(35:30 / All) mctoasty243: osea
(35:31 / All) OP-BLADMASTA: wrong
(35:35 / All) mctoasty243: calvin
(35:43 / All) Hate.Machine: Sorry, you only get one try blue
(35:43 / All) OP-BLADMASTA: grover cleveland
(35:45 / All) mctoasty243: you asshole
(35:57 / All) OP-BLADMASTA: grover cleveland was the only us president to serve 2 non consecutive terms
(36:20 / Allies) Hate.Machine: I will whisper you on my main account after blue, as proof
(36:37 / Allies) mctoasty243: ok..
(36:50 / Allies) Hate.Machine: I will send you a message from the account "KODOS_FORSAKEN"
(37:07 / Allies) mctoasty243: i used to play with you all the time
(37:34 / Allies) mctoasty243: in team games
(37:36 / Allies) mctoasty243: rt
(37:37 / Allies) mctoasty243: anyway
(37:41 / Allies) mctoasty243: and vs you in tourney
(37:43 / Allies) mctoasty243: we lost every time
(37:53 / Allies) mctoasty243: but i am in fact in your league
(37:56 / Allies) mctoasty243: but
(37:57 / Allies) Hate.Machine: lol
(38:09 / All) OP-BLADMASTA: green u here?
(38:11 / Allies) mctoasty243: that is of course in the loosest terms possible
(38:43 / Allies) xXTheYoshiXx: lol
(38:50 / Allies) Hate.Machine: wb
(38:52 / All) OP-BLADMASTA: IM A GGL FORMER #1 RT PLAYER YOSHI
(38:57 / Allies) mctoasty243: why do you still upload, no one plays this game anymore
(39:04 / All) mctoasty243: hacker
(39:08 / All) mctoasty243: ggl=hacker
(39:17 / All) OP-BLADMASTA: my brother is kodos_Forsaken
(39:21 / All) Hate.Machine: Yep
(39:23 / All) mctoasty243: this is me not caring
(39:33 / All) Hate.Machine: I think you're mad, or in awe, or a little of both
(39:35 / All) OP-BLADMASTA: poor yoshi
(39:35 / All) TheLoveEmperor: Seem to care an awful lot for not caring
(39:36 / All) Hate.Machine: Definitely "not caring"
(39:44 / All) mctoasty243: not really i only play this game when im not studying
(39:45 / All) mctoasty243: lol
(39:48 / All) OP-BLADMASTA: green are you here?
(39:57 / All) OP-BLADMASTA: green
(40:01 / All) OP-BLADMASTA: if i d/c, stay in the game ok?
(40:08 / All) OP-BLADMASTA: you will get the win
(40:15 / All) mctoasty243: i go to college, i play this game on occasion because it was something i liked to do as a kid
(40:23 / All) mctoasty243: its not that important
(40:26 / All) OP-BLADMASTA: THEN WHY ARE YOU STILL IN THE GAME BLUE
(40:34 / All) Hate.Machine: Yes, please leave if it's "just a game"
(40:35 / All) mctoasty243: so quit being a pompous ass, no one cares about this game
(40:40 / All) mctoasty243: it wont get you anywhere
(40:46 / All) OP-BLADMASTA: where do i hit
(40:46 / All) mctoasty243: im getting my free win
(40:54 / All) Hate.Machine: LOL sure
(41:00 / All) mctoasty243: you are going to have to dcon hack me
(41:03 / All) xXTheYoshiXx: :O
(41:03 / All) Hate.Machine: We will kill our shit to give you the loss
(41:23 / All) Hate.Machine: Now, Yoshi, kindly get the fuck out
(41:33 / All) xXTheYoshiXx: im atient
(41:36 / All) xXTheYoshiXx: smoke time
(42:04 / All) OP-BLADMASTA: standoff!
(42:23 / All) OP-BLADMASTA: green u here?
(42:37 / All) OP-BLADMASTA: would you be willing to leave your internet on all night, green?
(42:48 / All) Hate.Machine: Mexican standoff time, everyone.

(46:13 / All) OP-BLADMASTA: greeb are you here

(47:16 / All) OP-BLADMASTA: range hero
(47:31 / All) OP-BLADMASTA: its a dumb idea
(47:40 / All) TheLoveEmperor: I meant wall them in with your army out there and towers
(47:49 / All) TheLoveEmperor: It's oppressive and demoralizing
(48:04 / All) TheLoveEmperor: Should I leave critters
(48:08 / All) OP-BLADMASTA: yes
(48:19 / All) OP-BLADMASTA: i need confirmation from green
(48:30 / All) Hate.Machine: I'll start killing my army now
(48:34 / All) Hate.Machine: Don't kill towers moron
(48:42 / All) OP-BLADMASTA: ill leave other set of towers
(48:57 / Allies) TheLoveEmperor: THERE'S YOU SOME CRITTERS BRO

(50:33 / All) TheLoveEmperor: What's your gold count?
(50:36 / All) Hate.Machine: 2.3k
(50:41 / All) OP-BLADMASTA: 2801
(50:48 / All) TheLoveEmperor: 20k
(50:50 / All) Hate.Machine: Spent most of it getting every upgrade and 3 castles
(50:53 / All) TheLoveEmperor: 8k lumber
(50:59 / All) OP-BLADMASTA: who is turncoat
(51:03 / All) Hate.Machine: Purple
(51:05 / All) TheLoveEmperor: The Love Emperor
(51:14 / All) TheLoveEmperor: Who else could be the emperor OF LOVE?
(51:14 / All) Hate.Machine: I am Itachi and you are Flamechamp
(51:27 / All) Hate.Machine: And red and green are fags
(51:36 / All) OP-BLADMASTA: everythign set up?
(51:42 / All) Hate.Machine: Yes, no peasants and no army
(51:45 / All) Hate.Machine: No possible production
(51:49 / All) Hate.Machine: On our side anyway
(51:51 / All) OP-BLADMASTA: turncoat units?
(52:10 / All) TheLoveEmperor: He slaughtered the critters
(52:14 / All) Hate.Machine: Yes I did
(52:32 / All) TheLoveEmperor: Now red will be quite bored
(52:40 / All) TheLoveEmperor: I really feel for him
(52:41 / All) OP-BLADMASTA: ok red and green listen up
(52:45 / All) Hate.Machine: Kind of the point of a standoff
(52:45 / All) OP-BLADMASTA: person with best internet wins
(52:50 / All) OP-BLADMASTA: u guys ready to leave
(52:52 / All) TheLoveEmperor: I tried to be considerate and give him some toys and playthings
(52:53 / All) Hate.Machine: We killed everything including our stuff
(53:11 / All) OP-BLADMASTA: ok good luck red and green
(53:17 / All) Hate.Machine: LET IT BEGIN, LET IT BEGIN